 Dungeon Crawl Stone Soup version 0.29.1-15-g9cfb28693d (webtiles) character file.

Game seed: 3367675813742694922

68 protoss039 the Digger (level 4, -2/33 HPs)
             Began as a Demonspawn Earth Elementalist on Mar 17, 2023.
             Slain by an orc
             ... wielding a +1 vorpal flail
              (7 damage)
             ... on level 3 of the Dungeon.
             The game lasted 00:02:03 (3221 turns).

protoss039 the Digger (DsEE)                        Turns: 3221, Time: 00:02:04

Health: -2/33      AC:  6    Str:  8    XL:     4   Next: 1%
Magic:  5/8        EV: 10    Int: 18    God:
Gold:   212        SH:  0    Dex: 14    Spells: 2/8 levels left

rFire   x . .      SeeInvis .   s - +0 hand axe
rCold   + . .      Faith    .   (no shield)
rNeg    . . .      Spirit   .   i - +0 ring mail
rPois   .          Reflect  .   (no helmet)
rElec   .          Harm     .   q - +0 cloak
rCorr   .          Rampage  .   (no gloves)
Will    .....                   (no boots)
Stlth   +.........              (no amulet)
HPRegen 0.11/turn               f - +4 ring of slaying
MPRegen 0.11/turn               m - ring of ice

@: no status effects
A: hooves 2, weakness stinger 1
a: no special abilities


You were on level 3 of the Dungeon.
You visited 1 branch of the dungeon, and saw 3 of its levels.

You collected 212 gold pieces.

Inventory:

Hand Weapons
 s - a +0 hand axe (weapon)
Armour
 i - a +0 ring mail (worn)
 q - a +0 cloak (worn)
Magical Staves
 r - a staff of cold
Jewellery
 f - a +4 ring of slaying (left hand)
 m - a ring of ice (right hand)
Scrolls
 b - 6 scrolls of identify {unknown}
 d - a scroll of summoning {unknown}
 e - a scroll of brand weapon {unknown}
 h - a scroll of poison {unknown}
 k - 2 scrolls of vulnerability {unknown}
 l - a scroll of blinking {unknown}
 o - a scroll of magic mapping {unknown}
 p - 2 scrolls of noise {unknown}
Potions
 a - a potion of ambrosia {unknown}
 c - a potion of lignification {unknown}
 g - 5 potions of curing {unknown}
 j - 2 potions of mutation {unknown}
 n - 2 potions of flight {unknown}


   Skills:
 + Level 2.0 Fighting
 - Level 1.7 Dodging
 - Level 1.7 Stealth
 + Level 2.8 Spellcasting
 - Level 0.8 Transmutations
 + Level 3.3 Earth Magic


You had 2 spell levels left.
You knew the following spells:

 Your Spells              Type           Power      Damage    Failure   Level
a - Sandblast             Erth           28%        2d8       13%         1
b - Passwall              Tmut/Erth      8%         N/A       32%         2
c - Stone Arrow           Conj/Erth      16%        3d8       61%         3

Your spell library contained the following spells:

 Spells                   Type           Power      Damage    Failure   Level
 Ensorcelled Hibernation  Hex/Ice        6%         N/A       61%         2
 Swiftness                Air            2%         N/A       83%         3
 Petrify                  Tmut/Erth      10%        N/A       91%         4


Dungeon Overview and Level Annotations

Branches:
Dungeon (3/15) Zot: 14734

Altars:

Annotations:
D:3 1 runed translucent door, NimIero's ghost, amateur TeAE


Innate Abilities, Weirdness & Mutations

You have hoof-like feet.
You have a small tail.


Message History

Unknown command.
You are too injured to fight recklessly!
Unknown command.
You are too injured to fight recklessly!
Unknown command.
You are too injured to fight recklessly!
Unknown command.
You are too injured to fight recklessly!
Unknown command.
You are too injured to fight recklessly!
You are too injured to fight recklessly!
Casting: Sandblast (safe; 13% risk of failure)
Confirm with . or Enter, or press ? or * to list all spells.
Aiming: Sandblast (safe; 13% risk of failure)
Press: ? - help, Shift-Dir - straight line, f - orc
Aim: an orc, wielding a +1 vorpal flail and wearing a +0 chain mail (almost dead, 87% to hit)
The blast of sand hits the orc but does no damage.
The orc is almost dead.
The orc hits you with a +1 vorpal flail.
Casting: Sandblast (safe; 13% risk of failure)
Confirm with . or Enter, or press ? or * to list all spells.
Aiming: Sandblast (safe; 13% risk of failure)
Press: ? - help, Shift-Dir - straight line, f/p - orc
Aim: an orc, wielding a +1 vorpal flail and wearing a +0 chain mail (almost dead, 87% to hit)
The blast of sand hits the orc but does no damage.
The orc is almost dead.
The orc hits you with a +1 vorpal flail.
* * * LOW HITPOINT WARNING * * *
x2 The orc hits you with a +1 vorpal flail.
* * * LOW HITPOINT WARNING * * *
x2 Unknown command.
Casting: Sandblast (safe; 13% risk of failure)
Confirm with . or Enter, or press ? or * to list all spells.
Aiming: Sandblast (safe; 13% risk of failure)
Press: ? - help, Shift-Dir - straight line, f/p - orc
Aim: an orc, wielding a +1 vorpal flail and wearing a +0 chain mail (almost dead, 87% to hit)
The blast of sand hits the orc but does no damage.
The orc is almost dead.
The orc hits you with a +1 vorpal flail!
You die...

##....### ......'.#
......### ......###
......#..
#####.#.###########
#.#<#.........#
###.#.#.#.#.##.##
..#...# # #.##@#
#.###.# #.##o#
#.#...# #.##o#
#.#.### #.##.#
###.#.# #.##.#
....#.#######.##.#
....#.........##.#
....############.#
...........


You could see 2 orcs.

Vanquished Creatures
  2 worms (D:3)
  2 dart slugs
  4 orcs
  6 ball pythons
  A giant cockroach (D:2)
  10 goblins
  5 hobgoblins
  3 jackals (D:2)
  5 kobolds
  2 quokkas
  2 bats
  5 frilled lizards
  5 rats
52 creatures vanquished.

Notes
Turn   | Place    | Note
-------+----------+-------------------------------------------
     0 | D:1      | protoss039 the Demonspawn Earth Elementalist began the
                  | quest for the Orb.
     0 | D:1      | Reached XP level 1. HP: 13/13 MP: 3/3
    29 | D:1      | Found a faded altar of an unknown god.
   107 | D:1      | Discovered your monstrous ancestry.
   107 | D:1      | Gained mutation: You have large cloven feet. [demonic
                  | ancestry]
   107 | D:1      | Reached XP level 2. HP: 1/20 MP: 0/5
   606 | D:1      | Reached skill level 1 in Fighting
   740 | D:1      | Reached skill level 3 in Earth Magic
  1208 | D:1      | Learned a level 2 spell: Passwall
  1321 | D:2      | Gained mutation: You have hoof-like feet. [demonic
                  | ancestry]
  1321 | D:2      | Reached XP level 3. HP: 17/26 MP: 3/6
  2213 | D:2      | Learned a level 3 spell: Stone Arrow
  2589 | D:3      | Found a runed translucent door.
  2592 | D:3      | Noticed NimIero's ghost (amateur TeAE)
  3216 | D:3      | Gained mutation: You have a small tail. [demonic ancestry]
  3216 | D:3      | Reached XP level 4. HP: 25/33 MP: 8/8
  3221 | D:3      | Slain by an orc

Illustrated notes

Levels and vault maps discovered:
D:1:      psy_arrival_radial01, layout_basic, hellmonk_ecumenical_altar_run_dry
D:2:      layout_basic, serial_forest, infiniplex_forest_end_2,
          infiniplex_forest_lined_room_2, infiniplex_forest_lined_4_way,
          infiniplex_forest_clump_small, infiniplex_forest_lined_corner,
          infiniplex_forest_straight_3, mrwooster_statue_mirror
D:3:      layout_basic, ebering_ghost_sewer_d

Skill      XL: |  1  2  3 |
---------------+----------+-----
Fighting       | 1 2 |  2.0
Earth Magic    | 3 |  3.3
Dodging        | |  1.7
Stealth        | |  1.7
Spellcasting   | |  2.8
Transmutations | |  0.8

Action                   |  1- 3 |  4- 6 || total
-------------------------+-------+-------++-------
Melee: Unarmed           |     8 |       ||     8
       Club              |    54 |       ||    54
       Kick              |    17 |     1 ||    18
       Hand axe          |    30 |     3 ||    33
       Tailslap          |       |     2 ||     2
 Cast: Sandblast         |    35 |     3 ||    38
  Use: Potion            |     1 |       ||     1
 Stab: Sleeping          |     1 |       ||     1
Armor: Robe              |     6 |       ||     6
       Ring mail         |    32 |     1 ||    33
Dodge: Dodged            |    67 |     1 ||    68
